 Dungeon Crawl Stone Soup version 0.32-a0-468-g38b2580584 (webtiles) character file.

Game seed: 7601318039848080691

13696 gimp the Martial Artist (level 12, 0/63 HPs)
             Began as a Vine Stalker Shapeshifter on Feb 24, 2024.
             Was a Priest of Trog.
             Slain by a red ugly thing (13 damage)
             ... on level 11 of the Dungeon.
             The game lasted 00:21:06 (9103 turns).

gimp the Martial Artist (Vine Stalker Shapeshifter) Turns: 9103, Time: 00:21:07

Health: 0/63       AC:  8    Str: 17    XL:     12   Next: 8%
Magic:  0/13       EV: 22    Int: 10    God:    Trog [***...]
Gold:   615        SH:  0    Dex: 19    Spells: 11/11 levels left

rFire   . .          .
                       - Unarmed
rCold   . . .        (shield currently unavailable)
rNeg    . . .        g - melded +1 robe {rF+}
rPois   +            C - +2 helmet {SInv}
rElec   .            H - +2 cloak
rCorr   .            f - +0 pair of gloves
SInv    +            o - +0 pair of boots
Will    +....        (no amulet)
Stlth   +            u - +4 ring of slaying
HPRegen 1.10/turn    y - ring of poison resistance
MPRegen 0.13/turn

%: guardian spirit
@: flux-form, on berserk cooldown, slowed, glowing, very slow
A: glow, contaminating, fangs 3, regeneration 1, magic shield, antimagic bite,
no potion heal 2
a: Begin Untransformation, Renounce Religion, Berserk, Trog's Hand


You were on level 11 of the Dungeon.
You worshipped Trog.
Trog was most pleased with you.
You were something dangerously unstable.
You visited 2 branches of the dungeon, and saw 12 of its levels.
You also visited: Sewer.

You collected 615 gold pieces.

Inventory:

Missiles
 n - 2 throwing nets
 G - 5 curare-tipped darts (quivered)
Armour
 f - a +0 pair of gloves (worn)
 g - a +1 robe of fire resistance (melded)
 o - a +0 pair of boots (worn)
 r - +0 acid dragon scales
 C - a +2 helmet of see invisible (worn)
 H - a +2 cloak (worn)
Jewellery
 i - a ring of protection from cold
 u - a +4 ring of slaying (left hand)
 y - a ring of poison resistance (right hand)
 D - a ring of willpower
Talismans
 c - a beast talisman
 d - a flux talisman (active)
 L - a serpent talisman
Wands
 a - a wand of charming (12)
 A - a wand of polymorph (4)
 F - a wand of light (1)
 I - a wand of flame (7)
 J - a wand of roots (6)
Scrolls
 h - a scroll of enchant armour
 j - 8 scrolls of teleportation
 m - 2 scrolls of vulnerability
 x - a scroll of revelation
Potions
 b - a potion of lignification
 e - a potion of cancellation
 k - 2 potions of mutation {unknown}
 l - 7 potions of curing
 p - 7 potions of enlightenment
 q - 2 potions of might
 s - 2 potions of magic {unknown}
 t - 3 potions of haste
 w - 2 potions of invisibility
 z - a potion of experience
 B - 5 potions of attraction {unknown}
 E - a potion of resistance


   Skills:
 - Level 7.0 Fighting
 + Level 8.8 Dodging
 + Level 10.7 Unarmed Combat
 + Level 9.9 Shapeshifting


You had 11 spell levels left.
You didn't know any spells.
Your spell library contained the following spells:

 Spells                   Type           Power      Damage    Failure   Level
 Apportation              Tloc           0%         N/A       36%         1
 Necrotise                Necr           0%         1d4       36%         1
 Sting                    Conj/Alch      0%         1d3       36%         1
 Summon Small Mammal      Summ           0%         N/A       36%         1


Dungeon Overview and Level Annotations

Branches:
Dungeon (11/15)            Temple (1/1) D:6            Lair (0/5) D:10
    Orc (0/2) D:9           Sewer (visited)

Altars:
Ashenzari
Cheibriados
Dithmenos
Elyvilon
Fedhas
Gozag
Hepliaklqana
Kikubaaqudgha
Makhleb
Nemelex Xobeh
Okawaru
Qazlal
Ru
Sif Muna
Trog
Uskayaw
Vehumet
Wu Jian
Xom
Yredelemnul
Zin
The Shining One

Shops:
D:5 :


Innate Abilities, Weirdness & Mutations

You are something dangerously unstable.
You glow with magical radiation, making you easy to see and hit.
Foes you strike become dangerously contaminated with magical radiation.
You are incapable of wielding weapons or throwing items.
You have razor-sharp teeth.
Your natural rate of healing is unusually fast.
When hurt, damage is shared between your health and your magic reserves.
Your bite disrupts and absorbs the magic of your enemies.
Potions cannot restore your health.


Message History

The orc wizard begins to glow.
You bite the orc wizard!
The orc wizard's magic leaks into the air.
You drain its magic.
You feel invigorated.
The orc wizard is heavily wounded.
The orc completely misses you. The orc wizard barely misses you.
MP restored: 13 You punch the orc wizard!
You kill the orc wizard!
Trog accepts your kill.
Trog appreciates your killing of a magic user.
You hit the orc but do no damage.
The orc begins to glow.
You bite the orc. You drain its power.
The orc is moderately wounded.
The orc misses you.
You hit the orc.
The orc glows dangerously bright.
You bite the orc. You drain its power.
The orc is severely wounded.
The orc barely misses you.
You hit the orc.
You kill the orc!
Trog accepts your kill.
No target in view!
Things that are here:
a +0 flail of venom; a +0 scale mail
Things that are here:
a +0 club; a +0 ring mail You regained 2 hp, and now have 59/63 hp.
Items here: )) [[.
You now have 615 gold pieces (gained 19).
As you open the door, it creaks loudly!
Found a scroll of teleportation and 2 gluggy clear potions.
Health restored: 63
Found a stone staircase leading down.
There is an open door here.
j - 8 scrolls of teleportation (gained 1)
s - 2 gluggy clear potions You open the door.
There is an open door here.
You open the door.
A two-headed ogre comes into view.
It is wielding a +0 dire flail and a +0 giant spiked club.
The two-headed ogre shouts in stereo!
Found a leather armour.
A two-headed ogre is nearby!
There is an open door here.
A red film seems to cover your vision as you go berserk!
You feel yourself moving faster!
You feel mighty!
You now have 94/94 hp.
You punch the two-headed ogre!
The two-headed ogre begins to glow.
You bite the two-headed ogre! You drain its power.
The two-headed ogre is moderately wounded.
You hit the two-headed ogre.
The two-headed ogre glows dangerously bright.
You bite the two-headed ogre. You drain its power.
The two-headed ogre is heavily wounded.
The two-headed ogre completely misses you.
The two-headed ogre hits you with a +0 giant spiked club.
You take 4 damage, and have 90/94 hp.
You now have 12/13 mp.
You punch the two-headed ogre!
The two-headed ogre shudders as magic cascades through it!!
You kill the two-headed ogre!
Trog accepts your kill.
No target in view!
No target in view!
Things that are here:
a +0 dire flail; a +0 giant spiked club; a two-headed ogre corpse You feel a strong urge to attack something.
There is an open door here.
MP restored: 13 You feel your anger nearly subside.
You are no longer berserk.
You are exhausted.
You feel yourself slow down.
You now have 63/63 hp.
There is an open door here.
You open the door.
There is an open door here.
Found a stone staircase leading up.
A red ugly thing comes into view.
A red ugly thing is nearby!
The red ugly thing gurgles horribly!
Okay, then.
Unknown command.
Okay, then.
Unknown command.
You barely miss the red ugly thing. You bite the red ugly thing.
You drain its power.
The red ugly thing is lightly wounded.
The red ugly thing closely misses you.
You hit the red ugly thing.
The red ugly thing begins to glow.
The red ugly thing is lightly wounded.
The red ugly thing claws you!
You are engulfed in flames!!
You take 26 damage, and have 37/63 hp.
MASSIVE DAMAGE!!
You now have 8/13 mp.
You punch the red ugly thing!
The red ugly thing glows dangerously bright.
You bite the red ugly thing. You drain its power.
You feel invigorated.
The red ugly thing is moderately wounded.
The red ugly thing claws you!
You are engulfed in flames!
The red ugly thing claws you!
* * * LOW HITPOINT WARNING * * *
You are engulfed in flames!
You die...

#.### # #...### #. ###...#
###<##### ######'#####
.....!..# ###..........#
........###.'.......^..#
........##..#..........#
........##.##..........###
........up.##..........'..
........#####...>......##.
.......$# #..........###
........# #..........#
........# ############
#########


You could see a red ugly thing (heavy contam).

Vanquished Creatures
  Harold (D:9)
  5 two-headed ogres
  The ghost of Bediveer the Basher, a novice MDFi of Beogh (D:8)
  Pikel (D:6)
  A gargoyle (D:11)
  Jeremiah (D:5)
  A hornet (D:9)
  2 trolls
  Grinder (D:4)
  3 wyverns
  10 yaks
  4 vampire mosquitoes (D:7)
  Menkaure (D:6)
  2 acid dragons
  4 water moccasins
  6 black bears
  6 orc warriors
  2 ice beasts
  A sky beast (D:8)
  3 centaurs
  3 ogres
  2 lemures
  7 bullfrogs
  2 brain worms (Sewer)
  3 scorpions
  7 wights
  4 killer bees (D:7)
  6 howler monkeys
  2 electric eels (D:9)
  A bombardier beetle (D:7)
  A hound (D:7)
  A jelly (D:6)
  10 orc priests
  2 gnoll boudas
  2 iguanas
  11 orc wizards
  12 gnolls
  19 adders
  4 river rats
  A shadow imp (D:7)
  A white imp (D:7)
  5 dart slugs
  6 ribbon worms
  33 orcs
  15 endoplasms
  7 giant cockroaches
  7 goblins
  4 hobgoblins
  3 jackals (D:4)
  5 kobolds
  2 quokkas
  13 ball pythons
  10 bats
  5 frilled lizards
  8 rats
280 creatures vanquished.

Notes
Turn   | Place    | Note
-------+----------+-------------------------------------------
     0 | D:1      | gimp the Vine Stalker Shapeshifter began the quest for the
                  | Orb.
     0 | D:1      | Reached XP level 1. HP: 9/9 MP: 2/2
    64 | D:1      | Reached skill level 1 in Fighting
   148 | D:1      | Reached XP level 2. HP: 14/14 MP: 3/3
   395 | D:1      | Reached XP level 3. HP: 18/18 MP: 4/4
   448 | D:1      | Found a faded altar of an unknown god.
   985 | D:2      | You fall into a shaft and drop 1 floor!
  1071 | D:3      | Reached XP level 4. HP: 14/23 MP: 3/5
  1497 | D:3      | Reached XP level 5. HP: 24/26 MP: 6/6
  2436 | D:4      | Noticed Grinder
  2456 | D:4      | Killed Grinder
  2457 | D:4      | Reached skill level 4 in Unarmed Combat
  2457 | D:4      | Reached XP level 6. HP: 18/32 MP: 5/7
  2490 | D:4      | Found a glowing drain.
  2504 | Sewer    | Entered a sewer
  2681 | Sewer    | Reached XP level 7. HP: 32/36 MP: 4/8
  3497 | D:5      | Entered Level 5 of the Dungeon
  3501 | D:5      | Reached skill level 5 in Unarmed Combat
  3515 | D:4      | Reached skill level 5 in Shapeshifting
  3515 | D:4      | Gained mutation: You have razor-sharp teeth. [Vine Stalker
                  | growth]
  3515 | D:4      | Reached XP level 8. HP: 41/42 MP: 9/9
  3625 | D:5      | Found Wazxisk's Self-Published Books.
  3924 | D:5      | Reached skill level 6 in Unarmed Combat
  4184 | D:6      | Reached skill level 5 in Fighting
  4201 | D:6      | Found a hide-covered altar of Uskayaw.
  4205 | D:6      | Reached XP level 9. HP: 46/47 MP: 10/10
  4231 | D:6      | Noticed Jeremiah
  4366 | D:5      | Killed Jeremiah
  4367 | D:5      | Reached skill level 5 in Dodging
  4398 | D:6      | Found a staircase to the Ecumenical Temple.
  4409 | D:6      | Noticed Pikel
  4413 | Temple   | Entered the Ecumenical Temple
  4433 | Temple   | Became a worshipper of Trog the Wrathful
  4465 | D:6      | Killed Pikel
  4503 | D:6      | Reached skill level 7 in Unarmed Combat
  4744 | D:6      | Found a hazy altar of Hepliaklqana.
  4843 | D:6      | Noticed Menkaure
  4856 | D:6      | Killed Menkaure
  5924 | D:7      | Reached XP level 10. HP: 53/53 MP: 11/11
  6300 | D:7      | Reached * piety under Trog
  6424 | D:8      | Noticed a two-headed ogre
  6435 | D:8      | Killed a two-headed ogre
  6436 | D:8      | Reached skill level 8 in Unarmed Combat
  6497 | D:8      | Found a shadowy altar of Dithmenos.
  6691 | D:8      | Noticed a two-headed ogre
  6722 | D:8      | Killed a two-headed ogre
  6811 | D:8      | Noticed a two-headed ogre
  6829 | D:8      | Killed a two-headed ogre
  6830 | D:8      | Reached skill level 9 in Unarmed Combat
  6830 | D:8      | Reached XP level 11. HP: 58/58 MP: 12/12
  7098 | D:8      | Found a runed translucent door.
  7101 | D:8      | Noticed Bediveer's ghost (novice MDFi)
  7111 | D:8      | Killed Bediveer's ghost
  7237 | D:9      | Reached ** piety under Trog
  8058 | D:9      | Noticed Harold
  8087 | D:9      | Killed Harold
  8088 | D:9      | Reached skill level 10 in Unarmed Combat
  8192 | D:9      | Found a staircase to the Orcish Mines.
  8235 | D:10     | Entered Level 10 of the Dungeon
  8236 | D:10     | Found a staircase to the Lair.
  8302 | D:10     | Found a snail-covered altar of Cheibriados.
  8302 | D:10     | Noticed a two-headed ogre
  8307 | D:10     | Killed a two-headed ogre
  8387 | D:10     | Found a sacrificial altar of Ru.
  8440 | D:10     | Found an ornate altar of the Wu Jian Council.
  8441 | D:10     | Found a glowing silver altar of Zin.
  8441 | D:10     | Found a stormy altar of Qazlal.
  8466 | D:10     | Reached *** piety under Trog
  8595 | D:10     | Found a broken altar of Ashenzari.
  8979 | D:11     | Reached XP level 12. HP: 51/63 MP: 9/13
  9070 | D:11     | Noticed a two-headed ogre
  9076 | D:11     | Killed a two-headed ogre
  9103 | D:11     | Slain by a red ugly thing

Illustrated notes

Levels and vault maps discovered:
D:1:      ncdulo_watergridlock, layout_basic, nicolae_ecumenical_snake_handling
D:2:      layout_basic
D:3:      minmay_door_path, layout_basic
D:4:      layout_loops_ring, gup_sewer_entry_bubbles,
          hangedman_decor_clover_reticule, uniq_grinder
D:5:      layout_rooms, nicolae_custom_books
D:6:      kennysheep_spiral_hall, layout_basic,
          nicolae_uskayaw_murder_on_the_dancefloor,
          nicolae_hepliaklqana_hippocampus, minmay_temple_entry_tees,
          uniq_pikel, uniq_menkaure, uniq_jeremiah
D:7:      layout_cave_pods
D:8:      layout_cave_pools, mainiacjoe_overflow_24_doors,
          ebering_ghost_reflecting_pool
D:9:      layout_loops_ring, erik_orc_2, minmay_statues_item, grunt_decor_cap,
          grunt_ministairs_15, uniq_harold
D:10:     layout_basic, mainiacjoe_overflow_alcove_2,
          chequers_temple_overflow_statue_of_worship, amcnicky_altar_gilded,
          ashenzari_conservatory_becter, due_lair_maze_entry_diamond
D:11:     layout_roguey
Temple:   nicolae_temple_bog_church

Skill      XL: |  1  2  3  4  5  6  7  8  9 10 11 |
---------------+----------------------------------+-----
Fighting       | 1 2 3 5 6 7 |  7.0
Dodging        | 2 3 4 5 7 8 |  8.8
Unarmed Combat | 4 5 6 7 9 10 | 10.7
Shapeshifting  | 4 5 7 8 9 |  9.9

Action                     |  1- 3 |  4- 6 |  7- 9 | 10-12 || total
---------------------------+-------+-------+-------+-------++-------
  Melee: Unarmed           |    82 |   150 |   196 |   347 ||   775
         Bite              |    13 |    32 |    77 |   146 ||   268
         Punch             |     4 |     4 |     8 |       ||    16
 Invoke: Berserk           |       |       |       |     9 ||     9
  Evoke: Wand              |       |       |     2 |     9 ||    11
    Use: Scroll            |       |     6 |     5 |    13 ||    24
   Stab: Sleeping          |     1 |     2 |     1 |       ||     4
         Distracted        |       |       |     1 |       ||     1
 Armour: Animal skin       |    52 |    67 |    77 |       ||   196
         Skin              |       |       |    16 |   132 ||   148
         Robe              |       |       |     1 |       ||     1
  Dodge: Dodged            |    60 |    83 |   126 |   328 ||   597
         Form:             |     3 |     1 |     1 |       ||     5
         Beast             |     3 |     1 |     1 |       ||     5
         Flux              |       |       |     1 |       ||     1

Table legend: (Time is in decaauts)
 A = Elapsed time spent in this place.
 B = Non-inter-level travel time spent in this place.
 C = Inter-level travel time spent in this place.
 D = Time resting spent in this place.
 E = Time spent auto-exploring this place.
 F = Levels seen in this place.
 G = Mean time per level.
                   A        B        C        D        E       F      G
               +--------+--------+--------+--------+--------+-----+--------+
         Total |   9156 |   8826 |    330 |    209 |   6199 |  13 |  704.3 |
       Dungeon |   8692 |   8392 |    300 |    209 |   5976 |  11 |  790.2 |
        Temple |     36 |      6 |     30 |      0 |      0 |   1 |   36.0 |
         Sewer |    427 |    427 |      0 |      0 |    223 |   1 |  427.0 |
               +--------+--------+--------+--------+--------+-----+--------+

Top non-repeatable levels by time:
     D:6: 1122 daAuts
     D:9: 1087 daAuts
     D:1: 976 daAuts
     D:7: 973 daAuts
     D:3: 917 daAuts
     D:8: 882 daAuts
     D:4: 860 daAuts
    D:10: 684 daAuts
     D:5: 645 daAuts
   Sewer: 427 daAuts
     D:2: 406 daAuts
    D:11: 135 daAuts
  Temple: 36 daAuts
